 Dungeon Crawl Stone Soup version 0.17.1-3-g152610e (webtiles) character file.

49 inmateoo the Magician (level 3, 0/24 HPs)
             Began as a High Elf Transmuter on Feb 22, 2016.
             Succumbed to an adder's poison
             ... on level 3 of the Dungeon.
             The game lasted 00:03:08 (1902 turns).

inmateoo the Magician (High Elf Transmuter)         Turns: 1902, Time: 00:03:08

Health: 0/24       AC:  4    Str: 10    XL:     3   Next: 53%
Magic:  8/8        EV: 13    Int: 17    God:
Gold:   47         SH:  0    Dex: 15    Spells: 3 memorised, 1 level left

rFire  . . .     SeeInvis .       - Unarmed
rCold  . . .     Rnd*Rage +     b - +0 robe
rNeg   . . .     SustAt   .     (no shield)
rPois  .         Gourm    .     (no helmet)
rElec  .         Spirit   .     n - +0 cloak
rCorr  .         Warding  .     q - +0 pair of gloves
rMut   .         Stasis   .     (no boots)
MR     .....                    (no amulet)
Stlth  +.........               (no ring)
                                (no ring)

@: lethally poisoned (0 -> -3), flying, not resistant to hostile enchantments,
very unstealthy
A: berserk 1, spit poison 1, MP-powered wands
a: Spit Poison


You were on level 3 of the Dungeon.
You were not hungry.

You visited 1 branch of the dungeon, and saw 3 of its levels.

You collected 47 gold pieces.

Inventory:

Hand Weapons
 g - a +1 short sword of speed
Missiles
 a - 10 arrows
Armour
 b - a +0 robe (worn)
 n - a +0 cloak (worn)
 q - a +0 pair of gloves (worn)
Jewellery
 m - a cursed ring of poison resistance {unknown}
Scrolls
 e - 2 scrolls of magic mapping {unknown}
 f - 2 scrolls of fog {unknown}
 h - a scroll of remove curse {unknown}
 j - a scroll of enchant armour {unknown}
 l - 2 scrolls of identify {unknown}
 o - 3 scrolls of teleportation {unknown}
 p - a scroll of recharging {unknown}
Books
 c - a book of Changes

   Spells                             Type                      Level
   a - Beastly Appendage              Transmutation                1
   b - Sticks to Snakes               Transmutation                2
   c - Spider Form                    Transmutation/Poison         3
   d - Ice Form                       Ice/Transmutation            4
   e - Blade Hands                    Transmutation                5
Comestibles
 d - a bread ration


   Skills:
 + Level 1.9 Fighting
 + Level 2.6 Dodging
 * Level 2.7 Unarmed Combat
 + Level 2.9 Spellcasting
 + Level 2.6 Transmutations


You had one spell level left.
You knew the following spells:

 Your Spells              Type           Power        Failure   Level  Hunger
a - Beastly Appendage     Trmt           ##....       10%         1    None
b - Sticks to Snakes      Trmt           ##........   12%         2    ##.....
c - Spider Form           Trmt/Pois      #.........   30%         3    ###....


Dungeon Overview and Level Annotations

Branches:
Dungeon (3/15)

Altars:
Nemelex Xobeh


Innate Abilities, Weirdness & Mutations

You tend to lose your temper in combat.
You can spit weak poison.
You expend magic power (3 MP) to strengthen your wands.


Message History

You feel sick.
You see here a club.
* * * LOW HITPOINT WARNING * * *
You feel sick.
* * * LOW HITPOINT WARNING * * *
You feel sick.
* * * LOW HITPOINT WARNING * * *
You feel sick.
* * * LOW HITPOINT WARNING * * *
You feel sick.
* * * LOW HITPOINT WARNING * * *
You feel sick.
* * * LOW HITPOINT WARNING * * *
You feel sick.
There is a shaft here.
You are sucked into a shaft!
The shaft crumbles and collapses.
A bat comes into view.
Found a fuming silvery potion and a pink potion.
A giant newt comes into view.
You die...

.............##.
................
................
...............
.............
...........#
l..........#
...........##b#.#
........@........
.................
.................
.................
.................
.....!....!......
.................
..........#.....


You could see a bat (sleeping).

Vanquished Creatures
  2 adders (D:2)
  A worm (D:2)
  2 giant geckos (D:1)
  3 giant cockroaches
  5 hobgoblins
  3 kobolds (D:1)
  4 bats
  2 giant newts
  2 goblins
  5 rats
29 creatures vanquished.

Notes
Turn   | Place    | Note
--------------------------------------------------------------
     0 | D:1      | inmateoo the High Elf Transmuter began the quest for the Orb.
     0 | D:1      | Reached XP level 1. HP: 13/13 MP: 4/4
   440 | D:1      | Reached XP level 2. HP: 15/18 MP: 6/6
  1374 | D:1      | Learned a level 2 spell: Sticks to Snakes
  1441 | D:2      | Reached XP level 3. HP: 6/24 MP: 5/8
  1776 | D:2      | Learned a level 3 spell: Spider Form
  1817 | D:2      | Found a sparkling altar of Nemelex Xobeh.
  1876 | D:2      | Gained mutation: You can spit weak poison. [potion of mutation]
  1876 | D:2      | Gained mutation: You tend to lose your temper in combat. [potion of mutation]
  1876 | D:2      | Gained mutation: You expend magic power (3 MP) to strengthen your wands. [potion of mutation]
  1893 | D:2      | HP: 1/24 [poisoned by an adder]
  1899 | D:2      | You are sucked into a shaft!
  1902 | D:3      | Succumbed to an adder's poison

Action                   || total
-------------------------++-------
Melee: Short sword       ||    60
       Unarmed           ||    35
 Cast: Beastly Appendage ||     5
       Sticks to Snakes  ||     2
       Spider Form       ||     1
 Abil: End Transformatio ||     1
  Use: Potion            ||     2
 Stab: Sleeping          ||     1
  Eat: Bread ration      ||     1
